 Dungeon Crawl Stone Soup version 0.16.2-12-gd0ad4c3 (webtiles) character file.

117 Theosophistos the Covert (level 4, -5/33 HPs)
             Began as a Vampire Assassin on Oct 24, 2015.
             Slain by Sigmund
             ... wielding a +4 scythe of venom
              (14 damage)
             ... on level 2 of the Dungeon.
             The game lasted 00:11:38 (1126 turns).

Theosophistos the Covert (Vampire Assassin)         Turns: 1126, Time: 00:11:38

Health: -5/33      AC:  6    Str: 10    XL:     4   Next: 71%
Magic:  4/4        EV: 15    Int: 13    God:
Gold:   41         SH:  0    Dex: 23    Spells: 0 memorised, 3 levels left

rFire  x . .     SeeInvis +     a - +3 dagger
rCold  + + .     Clarity  .     w - +0 ring mail (curse)
rNeg   + + .     SustAb   .     o - +1 buckler
rPois  +         Gourm    .     (no helmet)
rElec  .         Spirit   .     d - +0 cloak
rCorr  .         Warding  .     (no gloves)
rMut   .         Stasis   .     (no boots)
MR     .....                    (no amulet)
Stlth  ++........               q - +5 ring of slaying
                                p - ring of ice

@: confused, agile, regenerating slowly, not resistant to hostile enchantments,
unstealthy
A: bottle blood, fangs 3, see invisible, agile 1, deterioration 1, unbreathing
a: Bat Form


You were on level 2 of the Dungeon.
You were thirsty.

You visited 1 branch of the dungeon, and saw 2 of its levels.

You collected 41 gold pieces.

Inventory:

Hand weapons
 a - a +3 dagger (weapon)
 b - a +0 blowgun
 c - a +0 dagger
 t - a +0 dagger
Missiles
 e - 19 poisoned needles (quivered)
 f - 2 curare-tipped needles
Armour
 d - a +0 cloak (worn)
 j - a +0 robe
 o - a +1 buckler (worn)
 r - a +0 robe
 w - a cursed +0 ring mail (worn)
Jewellery
 p - a ring of ice (left hand)
 q - a +5 ring of slaying (right hand)
Potions
 g - a potion of blood
 i - a potion of invisibility
 s - a potion of ambrosia
Comestibles
 n - 3 bread rations


   Skills:
 + Level 2.0 Fighting
 + Level 2.4 Short Blades
 + Level 1.7 Throwing
 + Level 2.0 Dodging
 + Level 8.4 Stealth
 + Level 0.1 Shields
 + Level 0.4 Unarmed Combat


You had 3 spell levels left.
You didn't know any spells.

Dungeon Overview and Level Annotations

Branches:
Dungeon (2/15)

Altars:

Annotations:
D:2 Sigmund


Innate Abilities, Weirdness & Mutations

You heal slowly.
You can bottle blood from corpses.
You have razor-sharp teeth.
You have supernaturally acute eyesight.
You can survive without breathing.
You are agile. (Dex +2)
Your body is slowly deteriorating.


Message History

You see here 10 stones.
Sigmund hits you from afar with a scythe of venom!
* * * LOW HITPOINT WARNING * * *
Sigmund zaps a wand.
Your will is overpowered!
You are more confused.
Sigmund zaps a wand.
Your will is overpowered!
You are more confused.
Sigmund closely misses you.
You see here 10 stones.
You're too confused to move!
Sigmund closely misses you.
You see here 10 stones.
Sigmund casts a spell at you. The puff of flame misses you.
Sigmund casts a spell at you. You resist with some effort.
Sigmund completely misses you. Sigmund barely misses you.
You're too confused to move!
Sigmund hits you from afar with a scythe of venom!
You die...

♣.♣ .♣ #### ♣.♣ ♣♣.♣ #...
♣.♣ ♣♣)♣ #.## # ♣.♣ ♣..♣
#.# # ♣.♣♣ ♣..♣ #.# #
♣♣.♣♣ ♣.(♣ #.# ## ♣♣.♣
♣.@♣ ##. #.##
.#####.########..###.....#
#...
................@....#
####
######################


You could see Sigmund (invisible).

Vanquished Creatures
  Jessica (D:2)
  Terence (D:2)
  3 adders (D:2)
  A worm (D:2)
  A giant gecko (D:2)
  An ooze (D:1)
  A ball python (D:2)
  3 giant cockroaches
  7 hobgoblins
  2 quokkas (D:2)
  10 bats
  5 giant newts
  5 goblins
  7 kobolds
  6 rats
54 creatures vanquished.

Notes
Turn   | Place    | Note
--------------------------------------------------------------
     0 | D:1      | Theosophistos, the Vampire Assassin, began the quest for the Orb.
     0 | D:1      | Reached XP level 1. HP: 16/16 MP: 1/1
     0 | D:1      | Noticed an orb of fire
     1 | D:1      | Noticed a shadow dragon
     1 | D:1      | Noticed a tentacled monstrosity
     3 | D:1      | Noticed an iron dragon
     3 | D:1      | Noticed a shadow dragon
     5 | D:1      | Noticed a mottled draconian
    16 | D:1      | Noticed an orb of fire
    17 | D:1      | Noticed a large abomination
    18 | D:1      | Noticed a large abomination
    20 | D:1      | Noticed a tentacled monstrosity
    20 | D:1      | Noticed an iron dragon
    22 | D:1      | Noticed a mottled draconian
    23 | D:1      | Noticed an ice dragon
    25 | D:1      | Noticed a shadow dragon
    27 | D:1      | Noticed an iron dragon
    29 | D:1      | Noticed a golden dragon
    65 | D:1      | Reached skill level 6 in Stealth
   257 | D:1      | Reached XP level 2. HP: 22/22 MP: 2/2
   608 | D:2      | Reached skill level 7 in Stealth
   641 | D:2      | Reached XP level 3. HP: 27/27 MP: 3/3
   815 | D:2      | Noticed Terence
   825 | D:2      | Killed Terence
   864 | D:2      | Noticed Jessica
   872 | D:2      | Killed Jessica
   872 | D:2      | Reached XP level 4. HP: 22/33 MP: 4/4
   959 | D:2      | Reached skill level 8 in Stealth
  1077 | D:2      | Noticed Sigmund
  1105 | D:2      | Gained mutation: You are agile. (Dex +2) [potion of mutation]
  1105 | D:2      | Gained mutation: Your body is slowly deteriorating. [potion of mutation]
  1126 | D:2      | Slain by Sigmund

Action                   |  1- 3 |  4- 6 || total
-------------------------+-------+-------++-------
Melee: Dagger            |    71 |    39 ||   110
       Unarmed           |    21 |       ||    21
 Abil: End Transformatio |     1 |       ||     1
       Bat Form          |     1 |       ||     1
  Use: Scroll            |     2 |       ||     2
       Potion            |       |     6 ||     6
 Stab: Sleeping          |    11 |     8 ||    19
